[Event "*** SCC Grand Prix: Titled Tuesday Blitz"]
[Site "Chess.com"]
[Date "2020.08.04"]
[Round "7"]
[White "German_Bazeev"]
[Black "maxip32"]
[Result "1-0"]
[WhiteElo "2748"]
[BlackElo "2481"]
[TimeControl "180+1"]
[EndTime "15:00:40 PDT"]
[Termination "German_Bazeev won by checkmate"]

1. d4 Nf6 2. c4 g6 3. Nc3 Bg7 4. e4 d6 5. Be2 O-O 6. Be3 Na6 7. g4 c5 8. g5 Nd7 9. d5 Nb6 10. h4 e6 11. Nh3 exd5 12. cxd5 Nc7 13. Nf4 Nd7 14. h5 b5 15. hxg6 hxg6 16. f3 b4 17. Na4 Rb8 18. Qd2 Nb5 19. Bxb5 Rxb5 20. Qh2 Re8 21.
O-O-O Ra5 22. Nxg6 fxg6 23. Qxd6 Rxa4 24. Qxg6 Nf8 25. Rh8+ Kxh8 26. Qf7 Qd7 27. Rh1+ Nh7 28. Qh5 Rxa2 29. Qxh7# 1-0

[Event "*** SCC Grand Prix: Titled Tuesday Blitz"]
[Site "Chess.com"]
[Date "2020.08.04"]
[Round "7"]
[White "Bastiandash"]
[Black "bratkoo"]
[Result "0-1"]
[WhiteElo "2317"]
[BlackElo "2508"]
[TimeControl "180+1"]
[EndTime "15:00:42 PDT"]
[Termination "bratkoo won on time"]

1. e4 d6 2. d4 g6 3. Nf3 Bg7 4. h3 a6 5. Nc3 b5 6. Be3 Bb7 7. Bd3 Nd7 8. Qd2 c5 9. Rd1 c4 10. Be2 Ngf6 11. e5 Nd5 12. Nxd5 Bxd5 13. Bh6 O-O 14.
Bxg7 Kxg7 15. Qf4 Qb6 16. h4 f6 17. Qg4 Rad8 18. h5 dxe5 19. hxg6 hxg6 20. Nh4 f5 21. Nxf5+ Rxf5 22. Qh4 Nf6 23. Qh6+ Kf7 24. dxe5 Qxf2+ 25. Kd2 Rxe5 26. Kc1 Qxe2 27. Kb1 Bxg2 28. Rxd8 Bxh1 0-1

[Event "*** SCC Grand Prix: Titled Tuesday Blitz"]
[Site "Chess.com"]
[Date "2020.08.04"]
[Round "7"]
[White "ailime26"]
[Black "Batsai"]
[Result "0-1"]
[WhiteElo "1897"]
[BlackElo "2339"]
[TimeControl "180+1"]
[EndTime "15:00:44 PDT"]
[Termination "Batsai won by resignation"]

1. e4 c6 2. Nf3 g6 3. Nc3 Bg7 4. d4 d6 5. Bd3 Nf6 6. O-O O-O 7. Bg5 Bg4 8. h3 Bxf3 9. Qxf3 Nbd7 10. Qe3 e5 11. Ne2 Qa5 12. Bh6 Rae8 13. c3 exd4 14. Nxd4 Nc5 15. b4 Bxh6 16. Qxh6 Qd8 17. bxc5 dxc5 18.
Nf3 Qxd3 19. e5 Ne4 20. Rfe1 f5 21. exf6 Nxf6 22. Ne5 Qxc3 23. Rac1 Qa5 24. Re3 Qc7 25. Rce1 Qg7 26. Qg5 Nd5 27. Qg3 Nxe3 28. Rxe3 Rf5 29. Ng4 Rxe3 30. Nxe3 Rf8 31. Qb8 Rxb8 0-1

[Event "*** SCC Grand Prix: Titled Tuesday Blitz"]
[Site "Chess.com"]
[Date "2020.08.04"]
[Round "7"]
[White "j_coca"]
[Black "kleopl"]
[Result "0-1"]
[WhiteElo "2304"]
[BlackElo "2452"]
[TimeControl "180+1"]
[EndTime "15:00:49 PDT"]
[Termination "kleopl won by resignation"]

1. f4 c5 2. Nf3 Nc6 3. e3 g6 4. d4 Bg7 5. c3 d5 6. Bd3 Nh6 7. O-O Bf5 8. Qe2 O-O 9. Nbd2 Bxd3 10. Qxd3 b6 11. Ne5 Qd6 12. Ndf3 Na5 13. Bd2 f6 14. dxc5 bxc5 15. b4 Nb7 16. Qb5 fxe5 17. Qxb7 Rfb8 18. fxe5 Bxe5 19. bxc5 Bxh2+ 20. Kh1 Rxb7 21. cxd6 Bxd6 22. Nd4 e5 23. Nb3 Nf5 24. Kg1 a5 25. Rab1 Rab8 26. Rbe1 a4 27. Nc1 Ng3 28. Rf2 Ne4 29. Rfe2 Rb2 30.
Rd1 R8b5 31. Be1 Rb1 32. Rc2 Bc5 33. Bf2 Ba3 34. Kf1 Rc5 35. Be1 Kf7 36. Ke2 Ke6 37.
Nd3 Rcb5 38. Rxb1 Rxb1 39. c4 Ra1 40. cxd5+ Kxd5 41. Bb4 Bxb4 42. Nxb4+ Ke6 43. Kd3 Nd6 44. e4 Rd1+ 45. Ke2 Rd4 46. a3 Rxe4+ 47. Kf3 Rf4+ 48. Ke3 Nf5+ 49. Ke2 Nd4+ 50. Kd3 Nxc2 51. Nxc2 Rf2 52.
Ne3 Ra2 53. Nc4 Rxg2 0-1

[Event "*** SCC Grand Prix: Titled Tuesday Blitz"]
[Site "Chess.com"]
[Date "2020.08.04"]
[Round "7"]
[White "Mbneu"]
[Black "mortngabriel"]
[Result "1/2-1/2"]
[WhiteElo "2256"]
[BlackElo "2414"]
[TimeControl "180+1"]
[EndTime "15:00:49 PDT"]
[Termination "Game drawn by repetition"]

1. d4 f5 2. e4 fxe4 3. Nc3 Nf6 4. f3 d5 5. Bg5 Nc6 6. Bb5 Bd7 7. fxe4 Nxe4 8. Nxe4 dxe4 9. Ne2 g6 10. O-O Bg7 11. c3 Ne5 12. dxe5 Bxb5 13. Qb3 Bxe2 14. Qf7+ Kd7 15.
Rad1+ Bd3 16. Qxg7 Rf8 17. Rf6 Rxf6 18. exf6 Ke6 19.
fxe7 Qd5 20. Qf6+ Kd7 21. Kh1 Re8 22. b3 Qe6 23. Qd4+ Qd6 24. Qxa7 b6 25. Qa4+ Qc6 26. Qd4+ Qd6 27. Qa4+ Qc6 28. Qd4+ Qd6 29. Qa4+ 1/2-1/2

[Event "*** SCC Grand Prix: Titled Tuesday Blitz"]
[Site "Chess.com"]
[Date "2020.08.04"]
[Round "7"]
[White "Evgeny81"]
[Black "SantoBlue"]
[Result "0-1"]
[WhiteElo "2763"]
[BlackElo "2926"]
[TimeControl "180+1"]
[EndTime "15:00:52 PDT"]
[Termination "SantoBlue won by resignation"]

1. d4 d6 2. Nf3 c5 3. dxc5 Qa5+ 4. Nc3 Qxc5 5. e4 Nf6 6. Be3 Qa5 7. Bd3 g6 8. O-O Bg7 9. e5 dxe5 10. Bb5+ Bd7 11. a4 Nc6 12. Bc5 a6 13. Bxc6 Bxc6 14. b4 Qc7 15. a5 Nd7 16. Nd5 Bxd5 17. Qxd5 Nxc5 18. bxc5 e4 19. Ng5 e6 20. Qxe4 Bxa1 21. Rxa1 Qxc5 22. Qa4+ Kf8 23. Ne4 Qe5 24. f4 Qxf4 25. Rf1 Qe3+ 26.
Kh1 Rd8 27. Qa1 Qd4 28. Qa3+ Kg7 29. Qe7 Qxe4 30. Qf6+ Kh6 31. h4 Qg4 32. Rf4 Qg3 33. Rf1 Rd2 34. Rg1 Rhd8 0-1

[Event "*** SCC Grand Prix: Titled Tuesday Blitz"]
[Site "Chess.com"]
[Date "2020.08.04"]
[Round "7"]
[White "Bigfish1995"]
[Black "rasmussvane"]
[Result "0-1"]
[WhiteElo "2970"]
[BlackElo "2876"]
[TimeControl "180+1"]
[EndTime "15:00:52 PDT"]
[Termination "rasmussvane won on time"]

1. e4 c6 2. d4 d5 3. f3 e6 4. Be3 Qb6 5. Qc1 c5 6. c3 Nc6 7. Ne2 dxe4 8. fxe4 Nf6 9. Nd2 Bd7 10. Nc4 Qd8 11. dxc5 Nxe4 12. b4 Be7 13. g3 e5 14.
Bg2 Bf5 15. O-O Bg6 16. Rd1 Qc7 17. b5 Na5 18. b6 axb6 19. Nxb6 Rd8 20. Nd5 Qc6 21.
Nxe7 Kxe7 22. g4 Nc4 23. Bf2 Qe6 24. h3 h5 25. gxh5 Bxh5 26. Re1 Nxf2 27. Kxf2 Rd2 28. Rb1 Qf5+ 29. Kg1 Bxe2 30. Rxb7+ Kf6 31. c6 Bf3 32. Bxf3 Qxf3 0-1

[Event "*** SCC Grand Prix: Titled Tuesday Blitz"]
[Site "Chess.com"]
[Date "2020.08.04"]
[Round "7"]
[White "Anna_ChessMate"]
[Black "ElGasanov"]
[Result "0-1"]
[WhiteElo "2611"]
[BlackElo "2786"]
[TimeControl "180+1"]
[EndTime "15:00:52 PDT"]
[Termination "ElGasanov won by resignation"]

1. d4 e6 2. c4 Bb4+ 3. Bd2 a5 4. Nf3 Nf6 5. Nc3 O-O 6. g3 d5 7. cxd5 exd5 8. Bg2 Re8 9. O-O c6 10. Re1 Bf5 11.
Rc1 Nbd7 12. a3 Bd6 13. Bg5 h6 14. Bxf6 Nxf6 15. Na4 Ne4 16. Nc5 Qb6 17. Nd3 a4 18. e3 Re7 19. Nfe5 f6 20. Qh5 fxe5 21. Qxf5 exd4 22.
Bxe4 dxe4 23. Nf4 Rf8 24. Qg4 dxe3 25. fxe3 Bxf4 26. gxf4 Qxb2 27. Kh1 Qxa3 28. Rcd1 Qb3 29. Rd6 Qb4 30. Red1 Kh8 31. Qh4 Ref7 32. R1d4 Qc5 33. Qe1 a3 34. Qa1 Kg8 35. Re6 b5 36. Re5 Qxe5 0-1

[Event "*** SCC Grand Prix: Titled Tuesday Blitz"]
[Site "Chess.com"]
[Date "2020.08.04"]
[Round "7"]
[White "Fh2411"]
[Black "allvim"]
[Result "1-0"]
[WhiteElo "2552"]
[BlackElo "2372"]
[TimeControl "180+1"]
[EndTime "15:00:52 PDT"]
[Termination "Fh2411 won by checkmate"]

1. d4 d5 2. Nf3 c6 3. Bf4 e6 4. e3 Bd6 5. Bg3 Nf6 6. Nbd2 O-O 7.
Bd3 Qe7 8. Ne5 Nbd7 9. f4 c5 10. c3 b6 11. O-O Bb7 12. Bh4 Qe8 13. Qf3 Rc8 14. Rf2 cxd4 15. exd4 Be7 16. Re2 a6 17. Qh3 h6 18. Rae1 Nh7 19. Ng6 Bxh4 20. Nxh4 Qd8 21. Nhf3 Nhf6 22. Ne5 Nxe5 23. fxe5 Nh7 24. Re3 Ng5 25.
Qh5 b5 26. a3 Qe7 27. Rg3 f5 28. exf6 Rxf6 29. h4 Nh7 30. Nf3 Rcf8 31. Ne5 Bc8 32. Qg4 Rf4 33. Qg6 Rxh4 34. Qxh7# 1-0

[Event "*** SCC Grand Prix: Titled Tuesday Blitz"]
[Site "Chess.com"]
[Date "2020.08.04"]
[Round "7"]
[White "Beca95"]
[Black "XDPS"]
[Result "1-0"]
[WhiteElo "2881"]
[BlackElo "2689"]
[TimeControl "180+1"]
[EndTime "15:00:53 PDT"]
[Termination "Beca95 won on time"]

1. d4 d5 2. c4 c6 3. Nf3 Nf6 4. Qc2 dxc4 5. Qxc4 Bf5 6. g3 e6 7.
Bg2 Be7 8. O-O O-O 9. e3 Nbd7 10. Rd1 Rc8 11. Nc3 Ne4 12. Qe2 Nxc3 13. bxc3 Be4 14. Ne1 Bxg2 15. Kxg2 b6 16. c4 Qc7 17. Bb2 Rfd8 18.
Nf3 Bf6 19. h4 c5 20. Rac1 cxd4 21. exd4 Qb7 22. Kh2 h6 23. a3 a6 24. g4 Qc7+ 25. Kh3 g6 26. g5 hxg5 27. hxg5 Bg7 28. Qe4 Qc6 29. Qf4 b5 30. d5 exd5 31. cxd5 Qb6 32. Bxg7 Kxg7 33. Kg2 Rh8 34. Rc6 Rxc6 35. dxc6 Qxc6 36.
Qd4+ Kg8 37. Qxd7 Rh2+ 38. Kxh2 Qxf3 39. Qd8+ Kh7 40. Qd4 Qh5+ 41. Kg3 Qxg5+ 42. Qg4 Qe5+ 43. Kg2 f5 44. Qh4+ Kg7 45. Rd7+ 1-0

[Event "*** SCC Grand Prix: Titled Tuesday Blitz"]
[Site "Chess.com"]
[Date "2020.08.04"]
[Round "7"]
[White "1f3_2g41-0"]
[Black "ajdemipopushi"]
[Result "1-0"]
[WhiteElo "2426"]
[BlackElo "2257"]
[TimeControl "180+1"]
[EndTime "15:00:53 PDT"]
[Termination "1f3_2g41-0 won on time"]

1. e4 c5 2. Nf3 g6 3. d4 cxd4 4. Nxd4 Bg7 5. c4 Nc6 6. Be3 Nf6 7. Nc3 Nxd4 8. Bxd4 Qa5 9. Bd3 d6 10.
O-O O-O 11. Nd5 Nxd5 12. Bxg7 Ne3 13. Qe2 Kxg7 14. Qxe3 f6 15. f4 Be6 16. f5 Bf7 17. a3 Qc5 18. Kf2 Rfc8 19. Rac1 Qxe3+ 20. Kxe3 Rc5 21. b4 Re5 22. Kd4 b6 23. g4 a5 24.
Ra1 g5 25. Rh1 h6 26. h4 gxh4 27. Rxh4 axb4 28. a4 Rea5 29. Bc2 Be8 30. Rah1 h5 31. gxh5 Kh6 32. Rg4 Bf7 33. Rg6+ Bxg6 34. hxg6+ Kg7 35. Rh7+ Kg8 36. Bb3 Re5 37. c5+ d5 38. Bxd5+ Rxd5+ 39. exd5 bxc5+ 40. Kxc5 b3 41. Rxe7 Rxa4 42. d6 b2 43.
d7 1-0

[Event "*** SCC Grand Prix: Titled Tuesday Blitz"]
[Site "Chess.com"]
[Date "2020.08.04"]
[Round "7"]
[White "chessuriel"]
[Black "g2_g3"]
[Result "1-0"]
[WhiteElo "2261"]
[BlackElo "2031"]
[TimeControl "180+1"]
[EndTime "15:00:53 PDT"]
[Termination "chessuriel won by resignation"]

1. e4 e5 2. Nf3 Nc6 3. Bb5 f5 4. Bxc6 dxc6 5. Nc3 fxe4 6. Nxe4 Nf6 7. Qe2 Bd6 8.
Nxf6+ Qxf6 9. d4 Bg4 10. dxe5 Bxf3 11. exf6+ Bxe2 12. fxg7 Rg8 13. Kxe2 Rxg7 14. g3 Kd7 15. Be3 Re8 16. Rad1 Kc8 17. Rd3 h5 18. h4 c5 19.
Kf3 c4 20. Rd5 c3 21. b3 Rge7 22. Rxh5 Rd7 23. Rd1 b6 24. Rf5 Be5 25. Rxd7 Kxd7 26. h5 c5 27. h6 Bd4 28. g4 Bxe3 29. fxe3 Ke6 30. Rf4 Rg8 31. Rf5 Rg6 32. Rh5 Rg8 33. h7 Rh8 34. g5 Kf7 35. Kf4 Kg7 36. Ke4 Rd8 37. h8=Q+ Rxh8 38. Rxh8 Kxh8 39. Kd3 Kg7 40. Kxc3 Kg6 41. Kc4 Kxg5 42. Kd5 Kf5 43. e4+ Kf6 44. Kd6 1-0

[Event "*** SCC Grand Prix: Titled Tuesday Blitz"]
[Site "Chess.com"]
[Date "2020.08.04"]
[Round "7"]
[White "Tactictic"]
[Black "harkerchess"]
[Result "0-1"]
[WhiteElo "2372"]
[BlackElo "2144"]
[TimeControl "180+1"]
[EndTime "15:00:56 PDT"]
[Termination "harkerchess won by checkmate"]

1. e4 c6 2. d4 d5 3. e5 c5 4. dxc5 e6 5. a3 Bxc5 6. b4 Bb6 7. Nf3 Ne7 8. Bb2 Nbc6 9. Bd3 O-O 10. O-O h6 11. c4 Bc7 12. Nbd2 b6 13. cxd5 Nxd5 14.
Ne4 Bb7 15. Rc1 Qe7 16. Qc2 Rac8 17. Qb1 Rfd8 18. Rfd1 Bb8 19. Bc4 Nf4 20. g3 Ng6 21. Qa1 Rxd1+ 22. Rxd1 Rd8 23. h4 Rxd1+ 24. Qxd1 Qd8 25.
Nd6 Ngxe5 26. Nxe5 Bxd6 27. Nxf7 Kxf7 28. Qg4 Qe7 29. Qxg7+ Ke8 30. Qh8+ Kd7 31. Bf6 Qe8 32.
Qg7+ Kc8 33. Qxh6 Nb8 34. Bc3 Qc6 35. Qxe6+ Nd7 36. b5 Qg2# 0-1

[Event "*** SCC Grand Prix: Titled Tuesday Blitz"]
[Site "Chess.com"]
[Date "2020.08.04"]
[Round "7"]
[White "binbin239"]
[Black "rynos0411"]
[Result "1-0"]
[WhiteElo "2543"]
[BlackElo "2370"]
[TimeControl "180+1"]
[EndTime "15:00:58 PDT"]
[Termination "binbin239 won on time"]

1. d4 Nf6 2. c4 e6 3. Nf3 d5 4. g3 Bb4+ 5. Bd2 Be7 6. Bg2 O-O 7. O-O dxc4 8. Qc2 a6 9. Qxc4 b5 10. Qc2 Bb7 11. Rd1 Nbd7 12. Ba5 Rc8 13. Ne5 Bxg2 14. Kxg2 Qe8 15. Nc3 c5 16. Nxd7 Nxd7 17. d5 b4 18. dxe6 fxe6 19. Ne4 Nf6 20. Nxf6+ Bxf6 21. a3 Qc6+ 22. Kg1 b3 23. Qxb3 Rb8 24. Qc4 Rxb2 25.
Rac1 Rb5 26. Bd2 Bb2 27. Rc2 Bxa3 28. Bf4 Rb4 29. Qc3 Rbxf4 30. gxf4 Rxf4 31. Qg3 Rf6 32. Qb8+ Kf7 33. Qa7+ Kg6 34. Rd7 Kf5 35. f3 Qb5 36. Rcd2 Rg6+ 37. Kf2 Bc1 38. Rf7+ Kg5 39. Qe7+ Kh5 40.
Rd3 1-0

[Event "*** SCC Grand Prix: Titled Tuesday Blitz"]
[Site "Chess.com"]
[Date "2020.08.04"]
[Round "7"]
[White "GM_LOADING"]
[Black "tlomigtlis"]
[Result "1-0"]
[WhiteElo "2619"]
[BlackElo "2421"]
[TimeControl "180+1"]
[EndTime "15:00:59 PDT"]
[Termination "GM_LOADING won by checkmate"]

1. d4 d5 2. Nf3 Nf6 3. Bf4 g6 4. e3 Bg7 5. c4 O-O 6. Nc3 Nc6 7. Rc1 Re8 8. Be2 Be6 9. b3 Bf5 10. O-O a5 11. h3 Be6 12. Ne5 dxc4 13. Nxc6 bxc6 14.
bxc4 Bc8 15. Qa4 Bd7 16. Qa3 Bf8 17. Qb2 c5 18. dxc5 e5 19. Bg3 Bxc5 20. Rfd1 Qe7 21.
Qb7 Reb8 22. Qxc7 Bf5 23. Qxe7 Bxe7 24. Bxe5 Rb2 25. Nd5 Nxd5 26. Bxb2 Nb4 27. a3 Nc6 28. Bf3 Rc8 29. Rd5 Be6 30. Rb5 a4 31. Rb7 Bc5 32.
Rb5 Be7 33. c5 f5 34. Rb6 Nd8 35. c6 Bd6 36. c7 Bxc7 37. Rxe6 Nxe6 38. Bd5 Kf7 39.
Be5 Bxe5 40. Rxc8 Kf6 41. Bxe6 Kxe6 42. Ra8 Bb2 43. Rxa4 Kd5 44. Ra7 Kc5 45. Rxh7 Bxa3 46.
Rh6 Bb2 47. Rxg6 Kd5 48. h4 Be5 49. h5 Ke4 50. h6 f4 51. exf4 Kxf4 52. g4 Kf3 53. h7 Bd4 54. Kh2 Kxf2 55. Kh3 Kf3 56. Rg8 Kf4 57. h8=Q Bxh8 58. Rxh8 Kg5 59. Rf8 Kg6 60.
Kh4 Kh6 61. Rb8 Kg7 62. g5 Kg6 63. Kg4 Kg7 64. Kf5 Kf7 65. Rb7+ Kf8 66. Kf6 Kg8 67. g6 Kf8 68. Rb8# 1-0

[Event "*** SCC Grand Prix: Titled Tuesday Blitz"]
[Site "Chess.com"]
[Date "2020.08.04"]
[Round "7"]
[White "frederiksvane"]
[Black "Chessbard1972"]
[Result "1-0"]
[WhiteElo "2579"]
[BlackElo "2340"]
[TimeControl "180+1"]
[EndTime "15:00:59 PDT"]
[Termination "frederiksvane won by checkmate"]

1. e4 c5 2. Nf3 a6 3. d4 cxd4 4. Nxd4 e6 5. Nc3 Nc6 6. g3 Bc5 7. Be3 Bb4 8. Bg2 h5 9. O-O h4 10. Nxc6 bxc6 11. e5 Bxc3 12. bxc3 Ne7 13. Bc5 hxg3 14.
fxg3 Qa5 15. Qd6 Qd8 16. Be4 a5 17. Rf4 g6 18. Raf1 Nf5 19. Bxf5 gxf5 20. Rh4 Rg8 21. Rh7 Qg5 22. Rf4 Ba6 23. Rg7 Kd8 24. Rxg5 Rxg5 25. Bb6+ Ke8 26. Bc5 Kd8 27. Qe7+ Kc7 28. Qxg5 Bc4 29.
Rxc4 Kb7 30. Qe7 Kc8 31. Bd6 Ra7 32. Rxc6+ dxc6 33. Qxa7 c5 34. Qc7# 1-0

[Event "*** SCC Grand Prix: Titled Tuesday Blitz"]
[Site "Chess.com"]
[Date "2020.08.04"]
[Round "7"]
[White "creativity"]
[Black "davigator"]
[Result "1-0"]
[WhiteElo "2065"]
[BlackElo "2268"]
[TimeControl "180+1"]
[EndTime "15:01:02 PDT"]
[Termination "creativity won by checkmate"]

1. d4 Nf6 2. c4 e6 3. Nc3 Bb4 4.
Qc2 d5 5. a3 Bxc3+ 6. Qxc3 O-O 7. Nf3 c6 8. Bf4 Nbd7 9. e3 Ne4 10. Qc2 f5 11. Be2 Ndf6 12. Ne5 g5 13. Bg3 Bd7 14.
f3 Nxg3 15. hxg3 Be8 16. O-O-O Bg6 17. Rh6 Kg7 18. Rdh1 Qb6 19. c5 Qc7 20. g4 Rh8 21. gxf5 exf5 22. Bd3 Qc8 23. g4 Ng8 24. Nxg6 Nxh6 25. Nxh8 Qxh8 26. Qh2 Ng8 27. Qc7+ Kf8 28. Rxh7 Qf6 29. Bxf5 Re8 30. e4 dxe4 31. fxe4 Re7 32. Qc8+ Re8 33. Qxb7 Ne7 34. e5 Qg7 35. Rxg7 Kxg7 36.
Qd7 Kf8 37. Qe6 Nd5 38. Qh6+ Ke7 39. Qxg5+ Kf7 40. Qg6+ Kf8 41. Qd6+ Kg7 42. Qxc6 Ne3 43. Qf6+ Kg8 44. Qg6+ Kf8 45. Qh6+ Ke7 46. Qxe3 Rd8 47.
d5 Rxd5 48. c6 Kd8 49. Qxa7 Ke8 50. c7 Rd4 51. c8=Q+ Rd8 52. Qad7+ Kf8 53. Qcxd8# 1-0

[Event "*** SCC Grand Prix: Titled Tuesday Blitz"]
[Site "Chess.com"]
[Date "2020.08.04"]
[Round "7"]
[White "arminmusovic"]
[Black "mapleaff"]
[Result "0-1"]
[WhiteElo "2491"]
[BlackElo "2405"]
[TimeControl "180+1"]
[EndTime "15:01:03 PDT"]
[Termination "mapleaff won on time"]

1. a3 e6 2. Nc3 b6 3. e4 Bb7 4.
d4 g6 5. Nf3 Bg7 6. Bg5 Ne7 7.
Qd2 h6 8. Be3 d6 9. O-O-O Nd7 10.
h4 a6 11. Bc4 b5 12. Ba2 Nb6 13. Kb1 Qc8 14. Ne1 Nc4 15. Bxc4 bxc4 16. d5 exd5 17. exd5 Nf5 18. Nf3 O-O 19. g4 Nxe3 20. fxe3 c6 21. h5 g5 22. Ne4 cxd5 23. Nxd6 Qc6 24. Nxb7 Qxb7 25. c3 Rab8 26. Rh2 Qb3 27. Nd4 Qxa3 28. Rf1 Rb7 29. Qc1 Rfb8 30. Rff2 Qc5 31. Qd1 a5 32. Rc2 a4 33. Qe1 a3 34. Qc1 Be5 0-1

[Event "*** SCC Grand Prix: Titled Tuesday Blitz"]
[Site "Chess.com"]
[Date "2020.08.04"]
[Round "7"]
[White "vesalhamedinia"]
[Black "Dr_crypt"]
[Result "0-1"]
[WhiteElo "2278"]
[BlackElo "2432"]
[TimeControl "180+1"]
[EndTime "15:01:06 PDT"]
[Termination "Dr_crypt won by checkmate"]

1. d4 d5 2. c4 c6 3. Nc3 Nf6 4. cxd5 cxd5 5. Bf4 Nc6 6. e3 a6 7. Bd3 Bg4 8. Qb3 Na5 9. Qa4+ Nc6 10. Qb3 Na5 11.
Qa4+ b5 12. Qc2 Rc8 13. a3 e6 14. Nge2 Bd6 15. O-O O-O 16. h3 Bxe2 17. Qxe2 Bxf4 18. exf4 Nb3 19. Rad1 Nxd4 20. Qe3 Nc6 21. Ne2 g6 22. g4 Re8 23. Qg3 Qd6 24. Qh4 Kg7 25. Rfe1 h6 26. g5 Ng8 27. Ng3 Nd4 28. Kg2 Nf5 29. Bxf5 exf5 30. Ne2 Re4 31. Nc3 Rxc3 32. bxc3 hxg5 33. Qxg5 Qxa3 34. Rxd5 Rxe1 35. Rd7 Qxc3 36. Qd8 Qc6+ 37.
Kg3 Rg1+ 38. Kh4 g5+ 39. fxg5 Qe4+ 40. Kh5 Qg4+ 41. hxg4 Rh1# 0-1

[Event "*** SCC Grand Prix: Titled Tuesday Blitz"]
[Site "Chess.com"]
[Date "2020.08.04"]
[Round "7"]
[White "crescentmoon2411"]
[Black "csati17"]
[Result "1-0"]
[WhiteElo "2777"]
[BlackElo "2601"]
[TimeControl "180+1"]
[EndTime "15:01:07 PDT"]
[Termination "crescentmoon2411 won by resignation"]

1. c4 e6 2. Nc3 d5 3. d4 Nf6 4.
cxd5 exd5 5. Bg5 Be7 6. e3 c6 7. Bd3 Nbd7 8. Qc2 g6 9. Nf3 Nh5 10. Bxe7 Qxe7 11. O-O-O f5 12. h3 Nhf6 13. g4 Ne4 14.
gxf5 gxf5 15. Rdg1 Qf7 16. Ng5 Nxg5 17. Rxg5 Rf8 18. Bxf5 Nf6 19. Bxc8 Rxc8 20. Rhg1 Rc7 21. Qf5 Kd8 22. R1g2 b5 23. Qe5 Ne8 24. Ne2 Kc8 25. Nf4 Re7 26. Rf5 Qxf5 27. Qxe7 Qf7 28. Qxf7 Rxf7 29. Rg8 Kd7 30. Nd3 Ke7 31. f4 Nf6 32. Ra8 Kd6 33. Ne5 Rg7 34. Rc8 Ke6 35. Rxc6+ Kf5 36.
Nf3 Ne4 1-0

[Event "*** SCC Grand Prix: Titled Tuesday Blitz"]
[Site "Chess.com"]
[Date "2020.08.04"]
[Round "7"]
[White "DanielTitichoca"]
[Black "FMOlexandrProhorov"]
[Result "0-1"]
[WhiteElo "2300"]
[BlackElo "2120"]
[TimeControl "180+1"]
[EndTime "15:01:07 PDT"]
[Termination "FMOlexandrProhorov won on time"]

1. e4 c5 2. Nf3 e6 3. g3 Nc6 4. Bg2 g6 5. d4 cxd4 6. Nxd4 d6 7. O-O a6 8. Nc3 Bg7 9. Nxc6 bxc6 10. Bf4 d5 11. exd5 cxd5 12. Re1 Ne7 13. Nxd5 exd5 14. Bxd5 Ra7 15. Bf3 O-O 16. c3 Rd7 17. Qb3 Nf5 18. Rad1 Re8 19. Rxe8+ Qxe8 20. Kf1 h5 21. Bd5 Kh7 22. Bf3 Rxd1+ 23. Qxd1 Qb5+ 24. Qe2 Qa4 25. b3 Qa5 26. c4 Qc3 27. Qd2 Qa1+ 28. Kg2 Nd4 29. Bd1 Bb7+ 30. f3 Qb1 31. Be3 Nf5 32. Bf2 h4 33. g4 Nh6 34. Bxh4 Nxg4 35. Bc2 Qb2 36. Kg3 Nh6 37. Bg5 Qe5+ 38. f4 Qe6 39. Qd3 Qg4+ 40. Kf2 Qg2+ 41. Ke3 Nf5+ 0-1

[Event "*** SCC Grand Prix: Titled Tuesday Blitz"]
[Site "Chess.com"]
[Date "2020.08.04"]
[Round "7"]
[White "mishikomchedlishvili"]
[Black "Iskusnyh"]
[Result "1-0"]
[WhiteElo "2766"]
[BlackElo "2570"]
[TimeControl "180+1"]
[EndTime "15:01:10 PDT"]
[Termination "mishikomchedlishvili won by resignation"]

1. d4 d5 2. Nf3 Nf6 3. g3 c6 4.
Bg2 Bf5 5. c4 e6 6. Nc3 Nbd7 7.
Qb3 Qb6 8. c5 Qa6 9. Bf1 b5 10.
Nh4 Be4 11. f3 Bg6 12. Nxg6 hxg6 13. a4 Qa5 14. Bd2 Rb8 15. e3 b4 16. Na2 Qc7 17. a5 Qxa5 18. Bxb4 Qc7 19. Qa4 Be7 20. Ba5 Qb7 21. Bc3 e5 22. Nb4 exd4 23. exd4 Rc8 24. Qxa7 Qxa7 25. Rxa7 O-O 26. Ra6 Nb8 27. Ra7 Rfe8 28. Kd1 Nfd7 29. Bh3 f5 30. Re1 Kf7 31. Bf1 Bf6 32. Rxe8 Kxe8 33. Nd3 Kd8 34. Nf4 g5 35. Nh5 Ke7 36. Kc2 Kd8 37. Bd3 Rc7 38. Rxc7 Kxc7 39.
Bxf5 Nf8 40. Bg4 Be7 41. Nxg7 Nbd7 42. Ne6+ Nxe6 43. Bxe6 Nf8 44. Bf5 Nd7 45. Bxd7 Kxd7 46. Kd3 1-0

[Event "*** SCC Grand Prix: Titled Tuesday Blitz"]
[Site "Chess.com"]
[Date "2020.08.04"]
[Round "7"]
[White "effefe"]
[Black "ChronicUnhappiness"]
[Result "1-0"]
[WhiteElo "2143"]
[BlackElo "2367"]
[TimeControl "180+1"]
[EndTime "15:01:10 PDT"]
[Termination "effefe won by checkmate"]

1. d4 Nf6 2. c4 e6 3. Nf3 b6 4. a3 Bb7 5. Nc3 Be7 6. e3 O-O 7.
Bd3 d5 8. O-O dxc4 9. Bxc4 Nbd7 10. b4 c5 11. dxc5 bxc5 12. b5 Qc7 13. a4 Ng4 14. g3 Bf6 15. Bb2 Nde5 16. Nxe5 Nxe5 17.
Be2 Rad8 18. Qc2 Nf3+ 19. Bxf3 Bxf3 20. Ne2 Bxb2 21. Qxb2 Qd7 22. Nf4 Qd6 23. Rfc1 e5 24.
Ng2 Rfe8 25. Qc3 Rc8 26. Ne1 Be4 27. Rd1 Qf6 28. Rd2 c4 29. Rad1 h5 30. Rd6 Qg5 31. f3 Ba8 32. e4 h4 33. Kg2 hxg3 34. hxg3 Rc7 35. Nc2 Qg6 36. Rxg6 fxg6 37. Ne3 Rce7 38. Nd5 Rf7 39. Qxc4 Ref8 40. Ne7+ Kh7 41. Rh1# 1-0

[Event "*** SCC Grand Prix: Titled Tuesday Blitz"]
[Site "Chess.com"]
[Date "2020.08.04"]
[Round "7"]
[White "Cambek64"]
[Black "ace_mar"]
[Result "0-1"]
[WhiteElo "2366"]
[BlackElo "2466"]
[TimeControl "180+1"]
[EndTime "15:01:13 PDT"]
[Termination "ace_mar won on time"]

1. e4 e5 2. Nf3 Nc6 3. c3 Nf6 4.
d4 Nxe4 5. d5 Bc5 6. Be3 Bxe3 7.
fxe3 Ne7 8. Nxe5 O-O 9. Qd4 Nf6 10. c4 Nf5 11. Qf4 d6 12. Nf3 Re8 13. Nc3 Nxe3 14. Kd2 Neg4 15. Bd3 Nf2 16. Rhf1 Nxd3 17. Kxd3 Bg4 18.
Nd4 Qd7 19. h3 Bh5 20. Nf5 Bg6 21. g4 Re5 22. Kd2 Rae8 23. Nxg7 Ne4+ 24. Nxe4 Rxe4 25. Qf6 Re2+ 26. Kc3 R8e3+ 27. Kb4 a5+ 28. Kxa5 b6+ 29. Kb4 c5+ 30. dxc6 Qxc6 0-1

[Event "*** SCC Grand Prix: Titled Tuesday Blitz"]
[Site "Chess.com"]
[Date "2020.08.04"]
[Round "7"]
[White "12teen"]
[Black "guillembaches"]
[Result "1-0"]
[WhiteElo "2678"]
[BlackElo "2426"]
[TimeControl "180+1"]
[EndTime "15:01:16 PDT"]
[Termination "12teen won on time"]

1. g3 g6 2. Bg2 Bg7 3. Nc3 e5 4. e4 Ne7 5. d3 c5 6. f4 d6 7. Nf3 Nbc6 8. h3 Be6 9. O-O Qd7 10. Ng5 O-O 11. Be3 Nd4 12. Qd2 Rae8 13. Kh2 b5 14. Nd1 b4 15. c3 bxc3 16. bxc3 Ndc6 17. Nf2 Rb8 18. Rab1 exf4 19. gxf4 f5 20. Rbe1 Kh8 21. h4 Bg8 22. h5 h6 23. Nf3 Bh7 24. hxg6 Bxg6 25.
Nh4 Bh7 26. Nh3 Rbe8 27. Rf2 Bf6 28. Nf3 fxe4 29. dxe4 Bxe4 30. Bxc5 d5 31. Rxe4 Rg8 32.
Re3 Nf5 33. Rxe8 Qxe8 34. Nd4 Ncxd4 35. Bxd4 Bxd4 36. cxd4 Qg6 37. Qd3 Re8 38. Bxd5 Re3 39. Qf1 Qg3+ 40. Kh1 Qxh3+ 41. Qxh3 Rxh3+ 42. Kg2 Rg3+ 43. Kh2 Rd3 44. Be4 1-0